 Dungeon Crawl Stone Soup version 0.27.1-33-g824d729ab1 (webtiles) character file.

Game seed: 71350491627905684

0 Descartes the Sneak (level 1, 0/11 HPs)
             Began as a Spriggan Wanderer on Dec 9, 2021.
             Slain by a giant cockroach (2 damage)
             ... on level 1 of the Dungeon.
             The game lasted 00:00:40 (82 turns).

Descartes the Sneak (Spriggan Wanderer)               Turns: 82, Time: 00:00:40

Health: 0/11       AC:  2    Str:  8    XL:     1   Next: 8%
Magic:  2/2        EV: 16    Int: 10    God:
Gold:   0          SH:  0    Dex: 17    Spells: 0/0 levels left

rFire    . . .     SeeInvis +   a - +2 dagger
rCold    . . .     Faith    .   (shield restricted)
rNeg     . . .     Spirit   .   e - +0 robe
rPois    .         Reflect  .   (helmet restricted)
rElec    .         Harm     .   (no cloak)
rCorr    .         Rampage  .   (gloves unavailable)
Will     .....                  (boots unavailable)
Stlth    ++........             (no amulet)
HPRegen  0.03/turn              (no ring)
MPRegen  0.08/turn              (no ring)

@: very quick
A: very small, no large weapons, unfitting armour, see invisible, speed 3
a: no special abilities


You were on level 1 of the Dungeon.
You visited 1 branch of the dungeon, and saw 1 of its levels.

Inventory:

Hand Weapons
 a - a +2 dagger (weapon)
 d - a +0 spear
Missiles
 f - 33 stones (quivered)
Armour
 e - a +0 robe (worn)
Scrolls
 b - a scroll of fear
 c - a scroll of teleportation


   Skills:
 - Level 2.4 Fighting
 + Level 0.0 Short Blades
 - Level 2.9 Polearms
 + Level 1.4 Dodging
 + Level 3.0 Stealth


You couldn't memorise any spells.
You didn't know any spells.
Your spell library was empty.

Dungeon Overview and Level Annotations

Branches:
Dungeon (1/15)

Altars:


Innate Abilities, Weirdness & Mutations

You are very small and have problems with some larger weapons.
You are too small for most types of armour.
You have supernaturally acute eyesight. (SInv)
You cover ground extremely quickly. (Speed+++)


Message History

The rat is moderately wounded.
The rat closely misses you.
You hit the rat.
You kill the rat!
A kobold comes into view. It is wielding a +0 dagger.
A dart slug comes into view.
Found a mace.
The kobold shouts!
A rat comes into view.
You hit the kobold.
The kobold is severely wounded.
The kobold hits you but does no damage. The dart slug launches a dart at you.
The slug dart hits you.
You hit the kobold but do no damage.
The kobold is severely wounded.
The kobold hits you with a +0 dagger. The giant cockroach closely misses you.
You are too injured to fight recklessly!
You are too injured to fight recklessly!
There are monsters nearby!
The giant cockroach bites you.
* * * LOW HITPOINT WARNING * * *
You see here a staff of poison.
There is an open door here.
The giant cockroach waves its antennae.
You hit the giant cockroach but do no damage.
The giant cockroach barely misses you.
You barely miss the giant cockroach. The giant cockroach bites you.
* * * LOW HITPOINT WARNING * * *
The giant cockroach misses you.
You hit the giant cockroach.
The giant cockroach is heavily wounded.
The giant cockroach barely misses you.
You closely miss the giant cockroach.
The giant cockroach is heavily wounded.
The giant cockroach misses you.
You hit the giant cockroach.
The giant cockroach is almost dead.
The giant cockroach bites you.
You die...

.........####### .
....r.........[# ..
....#####......#...
. .......|.$......#
..#####........#
#.w.....##
#Kr...#.... #B#####
... ##@## .. ###
#...# ##.###...##
#...#.....#
#...#.....#
#.<.'..8..#
#...#.....#
#...#.....#
##.###...##


You could see a dart slug, a giant cockroach, a kobold and a rat.

Vanquished Creatures
  A rat (D:1)
1 creature vanquished.

Notes
Turn   | Place    | Note
-------+----------+-------------------------------------------
     0 | D:1      | Descartes the Spriggan Wanderer began the quest for the
                  | Orb.
     0 | D:1      | Descartes set off with the following items: a +2 dagger, a
                  | scroll of fear, a scroll of teleportation, a +0 spear, a +0
                  | robe
     0 | D:1      | Reached XP level 1. HP: 11/11 MP: 2/2
    82 | D:1      | Slain by a giant cockroach

Illustrated notes

Levels and vault maps discovered:
D:1:      minmay_arrival_shattered_statue, layout_basic,
          hellmonk_ecumenical_altar_crossroads, ebering_dispersal_statue_hall

Action                   || total
-------------------------++-------
Melee: Dagger            ||    12
Armor: Robe              ||     2
Dodge: Dodged            ||     7
